 Dungeon Crawl Stone Soup version 0.28.0-47-ge53b351184 (webtiles) character file.

Game seed: 8425499770972240471

427 NinjaNoafa the Changer (level 6, -2/51 HPs)
             Began as a Draconian Transmuter on May 4, 2022.
             Slain by a lemure (3 damage)
             ... led by Pikel
             ... on level 4 of the Dungeon.
             The game lasted 00:10:08 (5350 turns).

NinjaNoafa the Changer (Draconian Transmuter)       Turns: 5350, Time: 00:10:09

Health: -2/51      AC:  6    Str: 13    XL:     6   Next: 65%
Magic:  9/9        EV: 12    Int: 13    God:
Gold:   301        SH:  0    Dex: 11    Spells: 8/11 levels left

rFire   . . .      SeeInvis .     - Unarmed
rCold   . . .      Faith    .   (no shield)
rNeg    . . .      Spirit   .   (armour unavailable)
rPois   .          Reflect  .   (helmet currently unavailable)
rElec   .          Harm     .   (no cloak)
rCorr   .          Rampage  .   (no gloves)
Will    .....                   (boots currently unavailable)
Stlth   +.........              (no amulet)
HPRegen 0.17/turn               (no ring)
MPRegen 0.11/turn               (no ring)

@: brilliant, appendages (expiring), hasted, very quick
A: horns 2, talons 2, AC +6, unfitting armour, cold-blooded, dopey 1, low MP 1
a: End Transformation


You were on level 4 of the Dungeon.
You had temporarily grown beastly horns and talons.
You visited 1 branch of the dungeon, and saw 4 of its levels.
You also visited: Sewer.

You collected 301 gold pieces.

Inventory:

Missiles
 d - 6 poisoned darts
 k - 6 javelins
Armour
 g - a +2 pair of boots (melded)
Scrolls
 a - 3 scrolls of amnesia
 f - a scroll of immolation
 i - a scroll of magic mapping
Potions
 q - 2 potions of brilliance


   Skills:
 + Level 3.0 Fighting
 + Level 3.1 Dodging
 + Level 4.1 Unarmed Combat
 + Level 3.1 Spellcasting
 + Level 4.1 Transmutations
 * Level 1.3 Poison Magic


You had 8 spell levels left.
You knew the following spells:

 Your Spells              Type           Power      Damage    Failure   Level
a - Beastly Appendage     Tmut           38%        N/A       4%          1
b - Wereblood             Tmut           19%        N/A       6%          2

Your spell library contained the following spells:

 Spells                   Type           Power      Damage    Failure   Level
 Spider Form              Tmut/Pois      13%        N/A       22%         3
 Blink                    Tloc           6%         N/A       34%         2
 Dazzling Flash           Conj/Hex       6%         N/A       56%         3
 Ice Form                 Ice/Tmut       11%        N/A       67%         4
 Agony                    Necr           3%         N/A       99%         5
 Manifold Assault         Tloc           3%         N/A       99%         5
 Silence                  Hex/Air        1%         N/A       99%         5
 Storm Form               Tmut/Air       5%         N/A       100%        7


Dungeon Overview and Level Annotations

Branches:
Dungeon (4/15)              Sewer (visited)
 Temple: D:4-7

Altars:
Xom
Beogh

Shops:
D:3 =*

Annotations:
D:4 Pikel


Innate Abilities, Weirdness & Mutations

You have temporarily grown beastly horns and talons.
Your plain brown scales are hard. (AC +6)
You cannot fit into any form of body armour.
You are cold-blooded and may be slowed by cold attacks.
You are dopey. (Int -2)
Your magical capacity is low. (-10% MP)


Message History

Pikel burns you.
You hit the lemure. Your kick misses the lemure.
The lemure is moderately wounded.
The lemure hits you. x2
You hit Pikel.
Pikel is heavily wounded.
Your transformation is almost over.
You feel less invigorated.
You feel less confused.
Pikel hits you with a +2 whip of flaming.
Pikel burns you. The lemure closely misses you.
You barely miss Pikel. You headbutt Pikel.
Pikel is heavily wounded.
The lemure hits you!
* * * LOW HITPOINT WARNING * * *
Pikel misses you.
You barely miss Pikel. You claw Pikel. You tail-slap Pikel, but do no damage.
Pikel is severely wounded.
The lemure hits you but does no damage. The lemure barely misses you.
You barely miss Pikel. You claw Pikel, but do no damage.
Your headbutt misses Pikel.
Your tail-slap misses Pikel.
Pikel is severely wounded.
Pikel hits you with a +2 whip of flaming.
* * * LOW HITPOINT WARNING * * *
Pikel burns you.
* * * LOW HITPOINT WARNING * * *
The lemure hits you.
* * * LOW HITPOINT WARNING * * *
Okay, then.
Okay, then.
You barely miss Pikel. Your kick misses Pikel. You headbutt Pikel.
Your tail-slap misses Pikel.
Pikel is severely wounded.
The lemure barely misses you.
Pikel hits you with a +2 whip of flaming.
* * * LOW HITPOINT WARNING * * *
Pikel burns you.
* * * LOW HITPOINT WARNING * * *
The lemure hits you.
You die...

### ...#. .....
#...# #...# §§.##
##K§..### ####
##§5B....#
##..###@5#......
##....#..## .....
##.......## ....
##.......## ...
##.........# ..
##..........# .
##............#
##.............#
##..............##


You could see Pikel, 2 lemures and a giant cockroach.

Vanquished Creatures
  2 lemures (D:4)
  A scorpion (D:4)
  2 bullfrogs (Sewer)
  Natasha (D:2)
  A hound skeleton (D:4)
  5 adders
  3 gnolls (D:4)
  4 worms
  An orc (D:3)
  4 bats
  9 endoplasms
  21 giant cockroaches
  4 hobgoblins
  2 jackals (D:1)
  4 kobolds
  11 quokkas
  16 ball pythons
  11 frilled lizards
  10 goblins
  4 rats
116 creatures vanquished.

Notes
Turn   | Place    | Note
-------+----------+-------------------------------------------
     0 | D:1      | NinjaNoafa the Draconian Transmuter began the quest for the
                  | Orb.
     0 | D:1      | Reached XP level 1. HP: 16/16 MP: 3/3
   390 | D:1      | Reached XP level 2. HP: 16/23 MP: 1/5
  1232 | D:1      | Found a faded altar of an unknown god.
  1324 | D:2      | Reached XP level 3. HP: 28/28 MP: 4/6
  1972 | D:2      | Noticed Natasha
  2001 | D:2      | Killed Natasha
  2002 | D:2      | Reached XP level 4. HP: 36/36 MP: 7/7
  2440 | D:3      | Found a glowing drain.
  2473 | Sewer    | Entered a sewer
  3206 | Sewer    | Reached XP level 5. HP: 41/41 MP: 6/8
  3643 | Sewer    | Reached XP level 6. HP: 11/50 MP: 8/10
  3968 | D:3      | Found Wodaazan's Jewellery Shop.
  4160 | D:3      | Found Jotigg's General Store.
  4472 | D:3      | Found a snail-covered altar of Cheibriados.
  4474 | D:3      | Found a shadowy altar of Dithmenos.
  4474 | D:3      | Found a white marble altar of Elyvilon.
  4476 | D:3      | Found a glowing golden altar of the Shining One.
  4476 | D:3      | Found a shimmering altar of Xom.
  4476 | D:3      | Found a blossoming altar of Fedhas.
  4736 | D:4      | Noticed Pikel
  5067 | D:4      | Reached skill level 1 in Poison Magic
  5101 | D:4      | Learned a level 2 spell: Wereblood
  5323 | D:4      | Gained mutation: Your magical capacity is low. (-10% MP)
                  | [potion of mutation]
  5323 | D:4      | Gained mutation: You are dopey. (Int -2) [potion of
                  | mutation]
  5349 | D:4      | HP: 1/51 [Pikel/+2 whip of flaming (2)]
  5350 | D:4      | Slain by a lemure

Illustrated notes

Levels and vault maps discovered:
D:1:      amcnicky_arrival_gap_in_the_tavern_cellar, layout_loops_ring,
          hellmonk_ecumenical_altar_defaced_shrine, minmay_pentomino_x4
D:2:      layout_loops_cross, uniq_natasha
D:3:      layout_basic, doesnt_xom_only_xom, portal_sewer_entry_f, serial_shops,
          shop_coins, nicolae_shop_advertising_works
          [nicolae_subvault_shop_adworks], hangedman_decor_riveting,
          minmay_misc_feat_enclosed
D:4:      layout_cave_pods, uniq_pikel

Skill      XL: |  1  2  3  4  5  6 |
---------------+-------------------+-----
Dodging        | 2 3 |  3.1
Transmutations | 3 4 |  4.1
Fighting       | 2 3 |  3.0
Spellcasting   | 3 |  3.1
Unarmed Combat | 4 |  4.1
Poison Magic   | 1 |  1.3

Action                   |  1- 3 |  4- 6 || total
-------------------------+-------+-------++-------
Melee: Unarmed           |   111 |   280 ||   391
       Kick              |    20 |    45 ||    65
       Headbutt          |    12 |    39 ||    51
       Tailslap          |    12 |    18 ||    30
       Punch             |     3 |     3 ||     6
 Cast: Beastly Appendage |    18 |    40 ||    58
       Wereblood         |       |     1 ||     1
  Use: Potion            |     3 |     7 ||    10
       Scroll            |       |    10 ||    10
Armor: Skin              |    44 |    99 ||   143
Dodge: Dodged            |    99 |   244 ||   343
